 Dungeon Crawl Stone Soup version 0.27.1 (webtiles) character file.

Game seed: 7417845421444227061

667 MacCMillion the Chiller (level 7, 0/46 HPs)
             Began as a Merfolk Ice Elementalist on Aug 22, 2021.
             Was an Initiate of Vehumet.
             Slain by an orc warrior (3 damage)
             ... on level 6 of the Dungeon.
             The game lasted 00:22:20 (5535 turns).

MacCMillion the Chiller (Merfolk Ice Elementalist)  Turns: 5535, Time: 00:22:21

Health: 0/46       AC: 10    Str:  9    XL:     7   Next: 57%
Magic:  4/11       EV: 12    Int: 16    God:    Vehumet [......]
Gold:   237        SH:  0    Dex: 14    Spells: 5/12 levels left

rFire    . . .     SeeInvis .   t - +1 dagger (speed)
rCold    + . .     Faith    .   (no shield)
rNeg     . . .     Spirit   .   n - +1 leather armour {rC+}
rPois    .         Reflect  .   i - +0 helmet
rElec    .         Harm     .   (no cloak)
rCorr    .         Rampage  .   e - +0 pair of gloves
Will     .....                  (no boots)
Stlth    +++.......             (no amulet)
HPRegen  0.15/turn              c - +4 ring of protection
MPRegen  0.12/turn              r - ring of wizardry

@: mighty
A: (nimble swimmer 2), mertail
a: Renounce Religion


You were on level 6 of the Dungeon.
You worshipped Vehumet.
Vehumet was noncommittal.
You visited 2 branches of the dungeon, and saw 7 of its levels.

You collected 237 gold pieces.

Inventory:

Hand Weapons
 a - a +0 rapier
 f - a +1 vampiric dagger
 q - a +1 hand axe of flaming
 t - a +1 dagger of speed (weapon)
Missiles
 k - 41 poisoned darts
 l - 3 atropa-tipped darts
 s - 3 boomerangs
Armour
 e - a +0 pair of gloves (worn)
 h - a +0 robe
 i - a +0 helmet (worn)
 n - a +1 leather armour of cold resistance (worn)
Jewellery
 c - a +4 ring of protection (left hand)
 r - a ring of wizardry (right hand)
Scrolls
 b - a scroll of fear {unknown}
 j - a scroll of fog {unknown}
 o - a scroll of silence {unknown}
 p - a scroll of blinking {unknown}
 u - a scroll of magic mapping {unknown}
 w - a scroll of noise {unknown}
Potions
 d - 3 potions of might
 g - 5 potions of curing
 m - a potion of brilliance
 v - a potion of mutation {unknown}
 x - a potion of heal wounds {unknown}


   Skills:
 * Level 4.3 Short Blades
 - Level 2.7 Dodging
 + Level 4.7 Stealth
 - Level 3.2 Spellcasting
 - Level 7.3 Ice Magic


You had 5 spell levels left.
You knew the following spells:

 Your Spells              Type           Power      Damage    Failure   Level
a - Freeze                Ice            100%       1d11      1%          1
b - Frozen Ramparts       Ice            52%        1d7       1%          3
c - Ozocubu's Armour      Ice            26%        N/A       1%          3

Your spell library contained the following spells:

 Spells                   Type           Power      Damage    Failure   Level
 Animate Skeleton         Necr           4%         N/A       11%         1
 Apportation              Tloc           4%         N/A       11%         1
 Corona                   Hex            2%         N/A       11%         1
 Magic Dart               Conj           8%         1d3       11%         1
 Summon Small Mammal      Summ           8%         N/A       11%         1
 Call Imp                 Summ           2%         N/A       16%         2
 Hailstorm                Conj/Ice       14%        3d5       22%         4
 Dazzling Flash           Conj/Hex       4%         N/A       30%         3
 Mephitic Cloud           Conj/Pois/Air  2%         N/A       30%         3
 Iskenderun's Mystic Bla  Conj/Tloc      2%         2d3       67%         4
 Starburst                Conj/Fire      1%         6d3       100%        6


Dungeon Overview and Level Annotations

Branches:
Dungeon (6/15)             Temple (1/1) D:4

Altars:
Ashenzari
Cheibriados
Dithmenos
Elyvilon
Gozag
Hepliaklqana
Makhleb
Nemelex Xobeh
Okawaru
Qazlal
Ru
Trog
Uskayaw
Vehumet
Wu Jian
Xom
Yredelemnul
Zin
The Shining One

Annotations:
D:4 1 runed translucent door, Crazy Yiuf
D:5 exclusions: door and ogre, Ijyb


Innate Abilities, Weirdness & Mutations

((You are quick and stealthy near water. (Stealth+, EV+, Speed+++)))
Your lower body shifts to a powerful aquatic tail in water.


Message History

Aiming: Freeze (safe; 1% risk of failure)
Press: ? - help, Q - select action, (/) - cycle Shift-Dir - straight line, f/p - orc warrior
Aim: an orc warrior, wielding a +0 long sword and wearing a +0 chain mail (severely wounded)
You freeze the orc warrior.
The orc warrior is almost dead.
The wall freezes the orc warrior!
The orc warrior hits you from afar with a +0 halberd!
* * * LOW HITPOINT WARNING * * *
An orc priest comes into view. It is wielding a +0 club.
The wall freezes the orc warrior.
You kill the orc warrior!
Vehumet accepts your kill.
Your Short Blades skill increases to level 4!
Your icy armour and frozen ramparts will break if you move.
Continue?
Your icy armour cracks and falls away as you move.
The frozen ramparts melt away as you move.
An orc comes into view. It is wielding a +0 war axe.
The orc priest calls upon Beogh to heal the orc warrior.
The orc warrior is healed somewhat.
You hear a shout!
Things that are here:
a +0 long sword; a +0 chain mail You feel better.
The orc warrior hits you from afar with a +0 halberd.
* * * LOW HITPOINT WARNING * * *
An orc comes into view.
It is wielding a +0 short sword. 2 orcs come into view.
The orc warrior hits you from afar with a +0 halberd.
* * * LOW HITPOINT WARNING * * *
Unknown command.
Okay, then.
Okay, then.
Okay, then.
You feel better. The orc closely misses you.
The orc hits you but does no damage.
The orc warrior hits you from afar with a +0 halberd!
* * * LOW HITPOINT WARNING * * *
The orc hits you but does no damage.
The orc warrior hits you from afar with a +0 halberd.
You die...

##...........##........# ....
#...........<.....#...#.....
................##.#......#
..........##...##....#.###..#
..# ##...###...## # .
##.###..#...... ......
##.###..##..... #.....
#............... .....#
##@........#.... ##....
##o.....#..##...
.#.....######oo.....##.# ...
........##..o..o....# ..#
.........#..)#.##.........
........oo..##.##.#.#.. #.
..####..######...#####.#
#.....# ##.. .. .......?##
...


You could see an orc warrior, an orc priest and 3 orcs.

Vanquished Creatures
  A black bear (D:3)
  2 orc warriors (D:6)
  A necrophage (D:4)
  Blork the orc (D:4)
  An orc priest (D:3)
  A hound (D:4)
  An iguana (D:4)
  7 adders
  An ufetubus (D:4)
  2 worms
  A dart slug (D:1)
  9 orcs
  4 ball pythons
  5 bats
  5 endoplasms
  3 giant cockroaches
  3 goblins
  8 hobgoblins
  3 jackals (D:1)
  5 quokkas
  5 frilled lizards
  4 kobolds
  A quokka skeleton (D:4)
  A rat (D:3)
75 creatures vanquished.

Notes
Turn   | Place    | Note
-------+----------+-------------------------------------------
     0 | D:1      | MacCMillion the Merfolk Ice Elementalist began the quest
                  | for the Orb.
     0 | D:1      | Reached XP level 1. HP: 13/13 MP: 3/3
   180 | D:1      | Reached XP level 2. HP: 17/19 MP: 1/5
   350 | D:1      | Reached skill level 5 in Ice Magic
   760 | D:2      | Reached XP level 3. HP: 24/24 MP: 0/6
   764 | D:2      | Learned a level 3 spell: Frozen Ramparts
   934 | D:2      | Found a shimmering altar of Xom.
  1410 | D:3      | Reached XP level 4. HP: 30/30 MP: 5/7
  1422 | D:3      | Learned a level 3 spell: Ozocubu's Armour
  1473 | D:3      | Reached skill level 6 in Ice Magic
  1821 | D:3      | Noticed a black bear
  1842 | D:3      | Killed a black bear
  1843 | D:3      | Reached skill level 7 in Ice Magic
  1843 | D:3      | Reached XP level 5. HP: 21/35 MP: 0/9
  2188 | D:3      | Reached skill level 1 in Short Blades
  2218 | D:3      | Reached XP level 6. HP: 41/41 MP: 5/10
  2621 | D:4      | Found a broken altar of Ashenzari.
  2654 | D:4      | Found a runed translucent door.
  2655 | D:4      | Noticed Crazy Yiuf
  2869 | D:4      | Noticed a necrophage
  2970 | D:4      | Noticed Blork the orc
  2980 | D:4      | Killed Blork the orc
  3181 | D:4      | Found a staircase to the Ecumenical Temple.
  3216 | Temple   | Entered the Ecumenical Temple
  3779 | Temple   | Became a worshipper of Vehumet
  4285 | D:4      | Killed a necrophage
  4286 | D:4      | Reached XP level 7. HP: 37/46 MP: 0/11
  4854 | D:5      | Entered Level 5 of the Dungeon
  4869 | D:5      | Noticed Ijyb
  5532 | D:6      | HP: 2/46 [orc warrior (15)]
  5535 | D:6      | Slain by an orc warrior

Illustrated notes

Levels and vault maps discovered:
D:1:      eino_arrival_tree_alley, layout_basic, dk_noncrumbling_3
D:2:      layout_rooms, basic_altar
D:3:      layout_loops_cross, serial_forest, infiniplex_forest_lined_corner,
          infiniplex_forest_clump_small, infiniplex_forest_zigzag_2,
          infiniplex_forest_lined_room_, infiniplex_forest_clump_small,
          infiniplex_forest_straight_1, infiniplex_forest_side_room,
          infiniplex_forest_clump_double
D:4:      layout_basic, lemuel_crystal_altar, minmay_temple_entry_offerings,
          uniq_blork_the_orc, uniq_crazy_yiuf_cottage
D:5:      layout_gridville, uniq_ijyb
D:6:      layout_cave_pools
Temple:   dpeg_five_rooms_temple

Skill      XL: |  1  2  3  4  5  6  7 |
---------------+----------------------+-----
Ice Magic      | 5 7 |  7.3
Spellcasting   | 3 |  3.2
Short Blades   | 1 3 4 |  4.3
Stealth        | 4 |  4.7
Dodging        | |  2.7

Action                   |  1- 3 |  4- 6 |  7- 9 || total
-------------------------+-------+-------+-------++-------
Melee: Dagger            |     5 |       |     4 ||     9
       Rapier            |    17 |    32 |     1 ||    50
 Cast: Freeze            |    39 |    42 |    10 ||    91
       Frozen Ramparts   |     1 |     7 |     3 ||    11
       Ozocubu's Armour  |       |     3 |     3 ||     6
  Use: Scroll            |       |       |     4 ||     4
       Potion            |       |       |     4 ||     4
 Stab: Sleeping          |     3 |     3 |       ||     6
Armor: Robe              |    10 |    17 |       ||    27
       Leather armour    |       |    26 |     4 ||    30
Dodge: Dodged            |    29 |    31 |    10 ||    70
